 Dungeon Crawl Stone Soup version 0.31-a0-986-g5e6e4ef867 (webtiles) character file.

Game seed: 12500194769414579567

9 porpoise the Vexing (level 2, 0/19 HPs)
             Began as a Demonspawn Enchanter on Nov 7, 2023.
             Slain by a jackal (3 damage)
             ... on level 1 of the Dungeon.
             The game lasted 00:01:56 (542 turns).

porpoise the Vexing (Demonspawn Enchanter)           Turns: 542, Time: 00:01:58

Health: 0/19       AC:  2    Str:  8    XL:     2   Next: 3%
Magic:  5/5        EV: 12    Int: 16    God:
Gold:   54         SH:  0    Dex: 13    Spells: 5/5 levels left

rFire   . . .        a - +1 dagger
rCold   . . .        (no shield)
rNeg    . . .        b - +0 robe
rPois   .            g - +0 hat
rElec   .            (no cloak)
rCorr   .            (no gloves)
SInv    .            (no boots)
Will    .....        (no amulet)
Stlth   ++           (no ring)
HPRegen 0.23/turn    (no ring)
MPRegen 0.09/turn

%: no passive effects
@: no status effects
A: claws 1
a: no special abilities


You were on level 1 of the Dungeon.
You visited 1 branch of the dungeon, and saw 1 of its levels.

You collected 54 gold pieces.

Inventory:

Hand Weapons
 a - a +1 dagger (weapon)
Armour
 b - a +0 robe (worn)
 g - a +0 hat (worn)
Scrolls
 f - a scroll of identify {unknown}
Potions
 c - 2 potions of invisibility
 d - 2 potions of brilliance {unknown}
 e - a potion of berserk rage {unknown}


   Skills:
 + Level 1.2 Short Blades
 - Level 1.7 Dodging
 - Level 2.6 Stealth
 + Level 2.2 Spellcasting
 + Level 3.2 Hexes


You had 5 spell levels left.
You didn't know any spells.
Your spell library contained the following spells:

 Spells                   Type           Power      Damage    Failure   Level
 Ensorcelled Hibernation  Hex/Ice        12%        N/A       16%         2
 Confusing Touch          Hex            12%        N/A       16%         3
 Tukima's Dance           Hex            12%        N/A       16%         3
 Magic Dart               Conj           4%         1d3       21%         1
 Passwall                 Tmut/Erth      0%         N/A       30%         2
 Searing Ray              Conj           2%         2d4       30%         2
 Dazzling Flash           Conj/Hex       12%        N/A       32%         3
 Swiftness                Air            1%         N/A       52%         3
 Fulminant Prism          Conj/Hex       3%         3d5       71%         4


Dungeon Overview and Level Annotations

Branches:
Dungeon (1/15)

Altars:


Innate Abilities, Weirdness & Mutations

You have sharp fingernails.


Message History

The bat barely misses you.
You barely miss the bat. The bat closely misses you.
The bat hits you but does no damage. The bat barely misses you.
You closely miss the bat. The bat closely misses you.
You barely miss the bat. The bat completely misses you.
You hit the jackal but do no damage. The bat barely misses you.
The jackal bites you. The jackal closely misses you.
You barely miss the jackal. The bat barely misses you.
The bat closely misses you. The jackal bites you.
You hit the jackal.
The jackal is almost dead.
The bat misses you. The jackal bites you. The jackal attacks as it pursues you!
The jackal misses you. The jackal closely misses you.
You hit the jackal.
You kill the jackal!
The bat closely misses you.
You have reached level 2!
Your demonic ancestry asserts itself...
Your fingernails lengthen.
You closely miss the jackal. The jackal bites you. The bat misses you.
You barely miss the jackal. The bat barely misses you. The jackal bites you.
The bat completely misses you. The jackal closely misses you.
You hit the jackal.
The jackal is moderately wounded.
The bat misses you. The bat barely misses you. The jackal barely misses you.
You hit the jackal.
The jackal is severely wounded.
The bat closely misses you. The jackal bites you.
* * * LOW HITPOINT WARNING * * *
The bat hits the bush.
You closely miss the jackal.
The jackal is severely wounded.
The bat hits you.
* * * LOW HITPOINT WARNING * * *
The jackal bites you.
* * * LOW HITPOINT WARNING * * *
The jackal bites you.
You die...

##...## #....#.# #.#
##.....#...8...#....#.# ###.#
##......#.♣...♣.#....#.# ##.#.#
#.......##.....##...##.#####....#
+.......###P.P# #................
#........##≈.≈##>#.#########....#
##.....###≈≈.≈≈###.# ##.#.#
##....#P≈≈≈.≈≈≈P#.# ###.#
##...........h@..# #######.#
##+##P≈≈≈.≈≈≈P#.# ...###...
#.####≈≈.≈b###.# ....#.... #.#
##≈.≈## ### ......... ####.##
#P.P# ......... ##.....## ##.##
......... # #.....###..#
......... ###.......#.####.#
......... ##...............#
..####...


You could see a jackal and a bat.

Vanquished Creatures
  2 endoplasms (D:1)
  A goblin (D:1)
  A hobgoblin (D:1)
  A jackal (D:1)
  A bat (D:1)
  2 rats (D:1)
8 creatures vanquished.

Notes
Turn   | Place    | Note
-------+----------+-------------------------------------------
     0 | D:1      | porpoise the Demonspawn Enchanter began the quest for the
                  | Orb.
     0 | D:1      | Reached XP level 1. HP: 13/13 MP: 3/3
   110 | D:1      | Reached skill level 1 in Short Blades
   538 | D:1      | Gained mutation: You have sharp fingernails. [demonic
                  | ancestry]
   538 | D:1      | Reached XP level 2. HP: 10/19 MP: 5/5
   542 | D:1      | Slain by a jackal

Illustrated notes

Levels and vault maps discovered:
D:1:      tekkud_arrival_beachfront_property, layout_loops_corners,
          dreamdust_princess_bridge, kennysheep_decorative_pillar

Skill      XL: |  1 |
---------------+----+-----
Short Blades   | 1 |  1.2
Dodging        | |  1.7
Stealth        | |  2.6
Spellcasting   | |  2.2
Hexes          | |  3.2

Action                     || total
---------------------------++-------
  Melee: Dagger            ||    38
   Stab: Sleeping          ||     2
 Armour: Robe              ||    22
  Dodge: Dodged            ||    45

Table legend: (Time is in decaauts)
 A = Elapsed time spent in this place.
 B = Non-inter-level travel time spent in this place.
 C = Inter-level travel time spent in this place.
 D = Time resting spent in this place.
 E = Time spent auto-exploring this place.
 F = Levels seen in this place.
 G = Mean time per level.
                   A        B        C        D        E       F      G
               +--------+--------+--------+--------+--------+-----+--------+
         Total |    540 |    540 |      0 |     13 |    423 |   1 |  540.0 |
       Dungeon |    540 |    540 |      0 |     13 |    423 |   1 |  540.0 |
               +--------+--------+--------+--------+--------+-----+--------+

Top non-repeatable levels by time:
     D:1: 540 daAuts
